Nobbs, neutral male human Tourist ----------- |.........| ------ #+.........| |..... ###|.........| |....| ################...^......| |....-####------- ### |.........| #-....| #......| |.........| #------ #|...%.| -------+-.- #### |.....| # # -----.- ## # ## # # # # #@# -.-.-- ------# a |....| |....-#### |....| |%...| # |....| |%%...## |....| ----- ------ Nobbs the Excursionist Experience level: 8 Strength: 16 Dexterity: 13 Constitution: 15 Intelligence: 15 Wisdom: 12 Charisma: 13 Health: 0(53) Energy: 39(39) Def: 5 Gold: 2049 Moves: 6058 Dungeon seed: SAui1HOk-71SgOi2 Game ID: Nobbs_1510385366 Your Inventory: Coins $ - 2049 gold pieces Wands c - a wand of make invisible (0:7) w - a wand of digging (0:6) C - a wand of digging (0:7) G - a wand of striking (0:7) H - a cursed wand of locking (0:5) K - a wand of polymorph (0:6) Q - a wand of secret door detection (0:11) V - a wand of locking (0:6) Y - a cursed wand of make invisible (0:4) Weapons t - a +0 silver dagger (weapon in hand) U - a +1 orcish dagger Armor e - an uncursed +0 Hawaiian shirt (being worn) r - a blessed +0 cloak of protection (being worn) y - an uncursed +0 pair of iron shoes z - an uncursed +1 pair of water walking boots (being worn) Z - an uncursed +0 cloak of invisibility Comestibles b - an uncursed food ration d - an uncursed lizard corpse f - 2 uncursed slime molds g - an uncursed tin of spinach h - an uncursed cram ration i - an uncursed tin of kobold meat q - 2 uncursed lembas wafers L - an uncursed egg P - 3 uncursed tripe rations Scrolls a - 2 uncursed scrolls of earth l - a blessed scroll of magic mapping m - 2 uncursed scrolls of magic mapping p - an uncursed scroll of create monster s - an uncursed scroll of confuse monster E - 2 uncursed scrolls of remove curse M - an uncursed scroll of enchant armor Potions j - 2 uncursed potions of extra healing u - 2 uncursed potions of healing v - an uncursed potion of water S - a blessed potion of oil T - an uncursed potion of gain level W - an uncursed potion of confusion X - an uncursed potion of restore ability Rings k - an uncursed ring of fire resistance x - a cursed ring of aggravate monster A - a cursed ring of hunger B - an uncursed +2 ring of adornment N - an uncursed ring of shock resistance O - an uncursed ring of levitation Tools n - an expensive camera (0:49) o - an uncursed credit card D - an uncursed skeleton key F - 2 uncursed tallow candles (0:200) I - an uncursed magic whistle J - an uncursed tin opener R - an uncursed oil lamp (0:1469) Spells and supernatural/magical abilities: Name Level Category Fail Memory W - pray for help -- divine ? -- Your skills at the end: Fighting Skills Weapon Skills dagger [Basic] dart [Expert] Spellcasting Skills Final Attributes: You were piously aligned. You were telepathic. You could walk on water. You were protected. You are dead. Vanquished creatures: a shocking sphere a gold golem a werewolf 2 lizards a dog a dingo a dwarf lord 2 human zombies 9 Uruk-hai 2 orc shamans a fog cloud a yellow light 7 gnome lords 5 gnomish wizards a red naga hatchling a little dog 3 floating eyes a kitten 6 dwarves a homunculus a kobold lord 2 rothes a rabid rat a centipede 2 giant bats an orc zombie a dwarf zombie 2 iguanas 7 killer bees 6 hobbits 4 manes a large kobold a hobgoblin 3 giant rats a cave spider 21 gnomes 10 garter snakes 4 geckos a jackal 2 foxes 2 goblins 2 sewer rats 4 grid bugs a bat 3 lichens 4 kobold zombies 8 newts 144 creatures vanquished. Voluntary challenges: You used a wielded weapon 371 times, starting on turn 2035. You read items or engraved 479 times, starting on turn 416. You never genocided any monsters. You never polymorphed an object. You never changed form. You used no wishes. You never split a pudding. You wrote Elbereth's name 450 times, starting on turn 416. You violated your moral code, losing 40 points of alignment, starting on turn 3000. Dungeon overview: The Dungeons of Doom: levels 1 to 11 Level 1 a fountain a long staircase Level 2 a general store, a fountain stairs to The Gnomish Mines Level 3 an altar to Offler, some fountains Level 4 a weapon shop Level 5 many fountains Level 6 a fountain stairs to Sokoban Level 7 a general store, some fountains, a sink Level 8 a fountain Level 9 a fountain Level 10 many fountains Level 11 <- You were here portal to The Quest The Gnomish Mines: levels 3 to 7 Level 3 stairs to The Dungeons of Doom Level 4 Level 5 Level 6 some shops, a temple to The Lady, some fountains Level 7 The Quest: Level 1 portal to The Dungeons of Doom Sokoban: Level 5 stairs to The Dungeons of Doom History has recorded: On T:1 you entered the Dungeons of Doom to retrieve the Amulet of Yendor! On T:175 you reached level 2 of The Dungeons of Doom. On T:250 you reached level 3 of The Dungeons of Doom. On T:420 you reached level 1 of The Gnomish Mines. On T:424 you advanced to experience level 2. On T:449 you advanced to experience level 3. On T:492 you advanced to experience level 4. On T:714 you reached level 2 of The Gnomish Mines. On T:763 you advanced to experience level 5. On T:1089 you reached level 3 of The Gnomish Mines. On T:1289 you reached level 5 of The Gnomish Mines. On T:1336 you reached level 4 of The Gnomish Mines. On T:1340 you advanced to experience level 6. On T:2389 you reached level 4 of The Dungeons of Doom. On T:2790 you reached level 5 of The Dungeons of Doom. On T:3093 you advanced to experience level 7. On T:3133 you reached level 7 of The Dungeons of Doom. On T:3149 you reached level 8 of The Dungeons of Doom. On T:3213 you reached level 6 of The Dungeons of Doom. On T:3458 you reached level 4 of Sokoban. On T:5449 you reached level 9 of The Dungeons of Doom. On T:5597 you reached level 10 of The Dungeons of Doom. On T:5927 you reached level 11 of The Dungeons of Doom. On T:5944 you reached level 1 of The Quest. On T:5970 you advanced to experience level 8. Score breakdown: Gold: 1167 (10434 points) Experience: 8 levels (14739 points) Exploration: 11 levels ( 22.45%) (13693 points) Discoveries: 20 items ( 6.71%) ( 7771 points) Valuables value: (no points given unless you survive) Artifact value: 0 ( 0 points) Variety of kills: 47 monsters ( 12.34%) (10536 points) Turncount: 6058 turns (-1638 points) Survival: died (score multiplied by 80%) Total score: 44428 Latest messages: The gnome lord hits! You kill the gnome lord! Welcome to experience level 8. You see here a gnome lord corpse. This gnome lord corpse tastes terrible! You finish eating the gnome lord corpse. $ - 91 gold pieces. You see here a food ration. The door resists! (2x) The door opens. (3x) You enter a giant beehive! The killer bee stings! The queen bee stings! The killer bee just misses! You hit the killer bee! The queen bee stings! The killer bee stings! The queen bee stings! (5x) You write in the dust with your fingers. The queen bee stings! (2x) You die... Final status: Aloha Nobbs the Tourist, killed by a queen bee... You died in The Dungeons of Doom on dungeon level 11 with 44428 points, and 2049 pieces of gold, after 6058 moves. You were level 8 with a maximum of 53 hit points when you died.